Map: New Gettysburg LE

Players

llllllllllll - Winner!

  • Race: Protoss Protoss
  • League: Diamond

Manywhelps

  • Race: Terran Terran
  • League: Diamond

VOD

Have the link to the VOD?

Description

Time

  • Played on: Oct. 16, 2016, 11:07 p.m.
  • Length: 13:38
Show
View Real Time Build Order
Export as new Build Order

llllllllllll Protoss - Winner!

Build Orders: Oracle Opening 

Get SALT Encoding   

  12  0:00  Probe (Chrono Boost)  
  13  0:11  Probe (Chrono Boost)  
  14  0:22  Probe (Chrono Boost)  
  14  0:28  Pylon  
  15  0:42  Pylon  
  15  0:46  Probe (Chrono Boost)  
  16  1:03  Gateway  
  16  1:10  Gateway  
  15  1:19  Probe (Chrono Boost)  
  16  1:34  Nexus  
  16  1:44  Forge  
  16  1:51  Cybernetics Core  
  16  1:55  Assimilator  
  16  2:03  Probe (Chrono Boost)  
  16  2:05  Pylon  
  17  2:13  Assimilator  
  17  2:14  Probe (Chrono Boost)  
  18  2:26  Photon Cannon  
  18  2:29  Probe (Chrono Boost)  
  19  2:40  Probe (Chrono Boost)  
  20  2:46  Probe (Chrono Boost)  
  21  2:57  Probe (Chrono Boost)  
  21  2:58  Stargate  
  22  3:07  Photon Cannon  
  22  3:09  Probe (Chrono Boost)  
  22  3:12  Probe (Chrono Boost)  
  24  3:19  Probe (Chrono Boost)  
  25  3:23  Probe (Chrono Boost)  
  26  3:33  Pylon, Probe (Chrono Boost)  
  27  3:43  Oracle  
  27  3:44  Mothership Core (Chrono Boost)  
  32  3:51  Photon Cannon  
  32  4:02  Probe (Chrono Boost)  
  33  4:07  Pylon  
  33  4:10  Probe (Chrono Boost)  
  33  4:12  Probe (Chrono Boost)  
  35  4:21  Assimilator, Probe (Chrono Boost)  
  36  4:31  Void Ray  
  40  4:33  Pylon  
  40  4:34  Probe (Chrono Boost)  
  38  5:02  Probe (Chrono Boost)  
  38  5:03  Stargate  
  38  5:06  Pylon  
  39  5:08  Assimilator  
  39  5:12  Probe (Chrono Boost)  
  39  5:13  Pylon, Probe (Chrono Boost)  
  41  5:23  Probe x2 (Chrono Boost)  
  41  5:27  Pylon, Void Ray  
  47  5:33  Probe (Chrono Boost)  
  47  5:34  Robotics Facility, Probe (Chrono Boost)  
  49  5:44  Probe x2 (Chrono Boost)  
  49  5:48  Void Ray  
  55  5:55  Probe (Chrono Boost)  
  56  5:57  Pylon, Probe (Chrono Boost)  
  58  6:11  Probe x2 (Chrono Boost)  
  58  6:14  Void Ray  
  63  6:22  Probe x2 (Chrono Boost)  
  63  6:24  Robotics Bay  
  65  6:29  Observer  
  65  6:32  Probe (Chrono Boost)  
  56  6:58  Probe (Chrono Boost)  
  57  7:07  Void Ray x2  
  65  7:08  Probe (Chrono Boost)  
  65  7:12  Colossus  
  72  7:16  Probe (Chrono Boost)  
  72  7:19  Probe (Chrono Boost)  
  74  7:39  Nexus  
  74  7:40  Pylon  
  74  7:49  Probe (Chrono Boost)  
  74  7:50  Probe (Chrono Boost)  
  76  7:56  Pylon, Robotics Facility  
  76  7:58  Void Ray x2  
  84  8:00  Probe (Chrono Boost)  
  84  8:01  Pylon  
  85  8:17  Colossus  
  91  8:24  Pylon x2  
  91  8:25  Extended Thermal Lance  
  91  8:26  Pylon  
  91  8:29  Assimilator  
  91  8:33  Assimilator  
  91  8:44  Colossus  
  93  8:57  Void Ray  
  97  9:11  Pylon  
  97  9:13  Pylon, Colossus  
  97  9:16  Pylon  
  103  9:37  Mothership Core (Chrono Boost)  
  103  9:39  Void Ray  
  103  9:44  Probe (Chrono Boost)  
  108  9:51  Pylon  
  108  9:54  Probe (Chrono Boost)  
  108  9:57  Pylon  
  108  9:58  Void Ray  
  113  10:05  Assimilator, Probe (Chrono Boost)  
  114  10:08  Assimilator  
  114  10:20  Probe (Chrono Boost)  
  115  10:29  Colossus  
  115  10:30  Probe (Chrono Boost)  
  122  10:41  Probe (Chrono Boost)  
  123  10:47  Pylon, Void Ray  
  127  10:52  Pylon  
  127  10:54  Photon Cannon  
  127  10:56  Photon Cannon  
  127  10:58  Photon Cannon  
  127  11:21  Colossus  
  127  11:22  Void Ray  
  127  11:24  Colossus  
  143  11:39  Void Ray  
  147  11:44  Probe (Chrono Boost)  
  147  11:45  Nexus  
  147  11:46  Pylon  
  148  11:53  Photon Cannon  
  148  11:55  Photon Cannon  
  148  11:56  Probe (Chrono Boost)  
  148  11:57  Photon Cannon  
  148  11:59  Photon Cannon  
  150  12:08  Probe (Chrono Boost)  
  150  12:19  Immortal  
  150  12:20  Void Ray, Probe (Chrono Boost)  
  150  12:22  Void Ray  
  159  12:24  Immortal  
  167  12:32  Probe (Chrono Boost)  
  167  12:34  Twilight Council  
  168  12:40  Photon Cannon  
  168  12:43  Photon Cannon  
  169  12:45  Probe (Chrono Boost)  
  169  12:57  Probe (Chrono Boost)  
  170  13:00  Stargate x2  
  170  13:02  Stargate  
  170  13:09  Probe (Chrono Boost)  
  175  13:19  Assimilator  
  172  13:21  Assimilator  
Show
View Real Time Build Order
Export as new Build Order

Manywhelps Terran 

Build Orders: MMM Bio 

Get SALT Encoding   

  12  0:00  SCV  
  13  0:13  SCV  
  14  0:19  Supply Depot  
  14  0:25  SCV  
  15  0:29  Refinery  
  15  0:40  SCV  
  16  0:47  Barracks  
  16  0:54  SCV  
  17  1:09  Barracks  
  17  1:14  SCV  
  18  1:27  Supply Depot  
  18  1:34  Marine  
  18  1:38  SCV  
  20  1:47  Supply Depot  
  20  1:49  Supply Depot  
  20  1:53  Marine  
  21  2:04  Orbital Command  
  21  2:15  Marine  
  23  2:24  Barracks Tech Lab  
  22  2:30  SCV  
  22  2:33  Marine  
  24  2:42  SCV  
  24  2:43  Marauder  
  27  2:47  Concussive Shells  
  27  2:51  Marine  
  27  2:54  SCV  
  29  3:09  Marauder  
  29  3:10  SCV, Command Center  
  32  3:14  Marine  
  32  3:19  Refinery  
  33  3:23  SCV  
  34  3:30  Marine  
  34  3:32  Marine  
  36  3:35  Factory, SCV  
  37  3:48  SCV  
  38  3:55  Marine  
  38  4:00  Marine  
  39  4:09  Supply Depot  
  39  4:13  Engineering Bay  
  39  4:22  SCV  
  40  4:24  Factory Tech Lab  
  40  4:28  Starport  
  40  4:29  Orbital Command  
  40  4:31  Refinery  
  40  4:34  SCV, Marine x2  
  43  4:38  Stimpack  
  40  4:52  Marine x2  
  38  4:58  Cyclone  
  40  5:03  SCV x2  
  42  5:11  Missile Turret  
  42  5:15  Medivac  
  42  5:20  SCV x2  
  46  5:26  Marine x2  
  48  5:34  SCV x2  
  50  5:45  Medivac  
  50  5:46  SCV x2  
  54  5:50  Marine x2  
  54  5:52  Bunker  
  56  6:01  SCV  
  56  6:03  Barracks x2  
  57  6:08  SCV  
  58  6:13  SCV  
  58  6:15  Medivac  
  58  6:16  Supply Depot  
  61  6:25  SCV  
  62  6:31  Supply Depot  
  62  6:38  SCV x2  
  64  6:50  SCV  
  64  6:53  Marine x2  
  55  6:56  Cyclone  
  52  7:02  Mag-Field Accelerator  
  52  7:04  SCV x2  
  54  7:12  Marine x2, Missile Turret  
  54  7:13  Marine x2  
  58  7:16  SCV x2  
  58  7:17  Missile Turret  
  60  7:23  Terran Infantry Weapons Level 1  
  60  7:25  Supply Depot  
  60  7:28  Cyclone, Medivac  
  66  7:30  Marine x3  
  66  7:31  Marine  
  70  7:50  Missile Turret  
  70  7:54  Marine, Combat Shields  
  70  7:55  Marine x3  
  70  7:56  SCV  
  75  7:59  SCV  
  76  8:06  Command Center  
  76  8:12  Marine  
  76  8:13  Marine  
  80  8:21  Barracks Reactor x2  
  80  8:24  Armory  
  80  8:25  SCV x2  
  80  8:29  Supply Depot  
  80  8:32  Barracks  
  80  8:33  Marauder  
  82  8:37  Starport Reactor  
  82  8:39  Supply Depot  
  78  8:52  SCV x2, Marine  
  78  8:54  Marine  
  82  9:01  Marine x4  
  86  9:07  Refinery  
  86  9:10  Marine  
  86  9:13  Refinery  
  87  9:17  Refinery  
  87  9:21  SCV x2, Marine x3  
  87  9:22  Marine x2  
  94  9:25  Terran Infantry Armor Level 1  
  94  9:28  Barracks  
  86  9:37  Medivac x2  
  86  9:42  Orbital Command  
  86  9:43  Missile Turret  
  86  9:47  Terran Ship Weapons Level 1  
  86  9:50  SCV x2  
  88  10:02  SCV x2  
  88  10:03  Widow Mine  
  88  10:04  Drilling Claws  
  88  10:06  Marine x5  
  88  10:07  Bunker, Marauder  
  97  10:13  Medivac x2  
  103  10:16  Ghost Academy  
  103  10:29  Marine x4  
  103  10:30  Engineering Bay  
  103  10:34  Barracks Tech Lab  
  107  10:39  Widow Mine  
  107  10:42  Marauder  
  111  10:49  Supply Depot, Marine x3  
  114  10:50  Supply Depot, SCV x3  
  114  10:53  Supply Depot  
  116  11:17  Marine x3, Marauder  
  116  11:18  Marine, Marauder  
  114  11:28  Viking x2  
  118  11:33  Command Center  
  118  11:55  Personal Cloaking  
  118  11:58  Supply Depot  
  118  11:59  Supply Depot  
  118  12:17  Liberator x2  
  118  12:20  SCV x2, Marauder x2  
  130  12:37  Starport  
  130  12:41  Barracks Tech Lab  
  130  12:56  Orbital Command  
  130  13:15  Marine  
  130  13:16  Marine x2, Marauder x3  
Tags
 
Add a new tag
Caveats
  • Supply blocks, unpowered buildings, or Contaminate may cause inaccurate times.
  • Supply counts are checked every 10 seconds.